 Dungeon Crawl Stone Soup version 0.18-a0-1243-g9e52518 (webtiles) character file.

370 Foomius the Slasher (level 6, 0/48 HPs)
             Began as a Demonspawn Abyssal Knight on Feb 5, 2016.
             Was a Believer of Lugonu.
             Slain by Edmund
             ... wielding a +4 flail of crushing
              (3 damage)
             ... on level 4 of the Dungeon.
             The game lasted 00:12:18 (3308 turns).

Foomius the Slasher (Demonspawn Abyssal Knight)     Turns: 3308, Time: 00:12:19

Health: 0/48       AC:  8    Str: 12    XL:     6   Next: 42%
Magic:  8/8        EV:  9    Int: 16    God:    Lugonu [**....]
Gold:   127        SH:  0    Dex: 12    Spells: 0 memorised, 5 levels left

rFire  . . .     SeeInvis .     a - +1 falchion
rCold  . . .     Gourm    .     t - +0 scale mail (curse)
rNeg   . . .     Faith    .     (no shield)
rPois  .         Spirit   .     (helmet restricted)
rElec  .         Dismiss  .     (no cloak)
rCorr  .         Reflect  .     k - +0 pair of gloves
SustAt .         Harm     .     (no boots)
MR     .....                    f - amulet of rage
Stlth  ++........               (no ring)
                                (no ring)

@: not resistant to hostile enchantments, unstealthy
A: antennae 1, rugged brown scales 1, nightstalker 1
a: Depart the Abyss, Bend Space, Renounce Religion, Evoke Berserk Rage


You were on level 4 of the Dungeon.
You worshipped Lugonu.
Lugonu was pleased with you.
You were hungry.

You visited 1 branch of the dungeon, and saw 4 of its levels.
You visited the Abyss 1 time.

You collected 127 gold pieces.

Inventory:

Hand Weapons
 a - a +1 falchion (weapon)
Missiles
 g - 80 stones (quivered)
 h - 24 poisoned needles
 r - 10 sling bullets
Armour
 b - a +1 leather armour
 k - a +0 pair of gloves (worn)
 t - a cursed +0 scale mail (worn)
 u - a +0 chain mail of cold resistance
Jewellery
 f - an amulet of rage (around neck)
 y - an uncursed amulet of dismissal {unknown}
Scrolls
 j - a scroll of magic mapping {unknown}
 n - a scroll of identify {unknown}
 q - a scroll of teleportation {unknown}
 s - a scroll of enchant weapon {unknown}
 w - a scroll of remove curse {unknown}
Potions
 e - a potion of curing
 l - a potion of resistance {unknown}
 o - a potion of poison {unknown}
 p - 2 potions of haste {unknown}
 v - a potion of flight {unknown}
Comestibles
 c - 4 bread rations
 d - a beef jerky
 m - a meat ration
 x - 2 chunks of flesh


   Skills:
 - Level 3.0 Fighting
 + Level 4.1 Long Blades
 - Level 1.7 Armour
 - Level 0.8 Dodging
 + Level 3.1 Stealth
 - Level 3.2 Invocations
 + Level 3.2 Evocations


You had 5 spell levels left.
You didn't know any spells.

Dungeon Overview and Level Annotations

Branches:
Dungeon (4/15)
 Temple: D:4-7

Altars:
Ashenzari
Dithmenos
Fedhas
Kikubaaqudgha
Pakellas
Qazlal
Sif Muna
Trog
Xom
Yredelemnul
Zin

Annotations:
D:3 Sigmund
D:4 Edmund


Innate Abilities, Weirdness & Mutations

You have a pair of small antennae on your head.
You are partially covered in rugged brown scales (AC +1, +3% HP).
You are slightly more attuned to the shadows.


Message History

Edmund splashes around in the water.
Your scale mail prevents you from hitting Edmund.
Edmund is moderately wounded.
Edmund hits you with a flail of crushing.
You closely miss Edmund.
Edmund is moderately wounded.
You hit Edmund.
Edmund is heavily wounded.
Edmund hits you with a flail of crushing!
* * * LOW HITPOINT WARNING * * *
You hit Edmund but do no damage.
Edmund is heavily wounded.
Edmund hits you with a flail of crushing.
* * * LOW HITPOINT WARNING * * *
x2 You enter the shallow water.
Moving in this stuff is going to be slow.
You are feeling hungry.
Edmund hits you with a flail of crushing!
* * * LOW HITPOINT WARNING * * *
You die...

#.......#
#.####.## ♣P.P♣
♣♣≈≈♣ ♣P≈≈♣
♣♣≈♣♣
#♣♣♣♣♣.≈♣♣♣♣♣
##P≈≈P♣≈≈≈PP≈♣
#...@@.≈≈≈..(.
....♣≈.P♣.≈≈P.♣P
.. ♣♣♣♣♣P≈♣♣♣♣
♣P.♣ ♣P.♣ ♣♣≈P
.P♣


You could see Edmund.

Vanquished Creatures
  Grinder (D:3)
  An orc priest (D:3)
  Terence (D:3)
  6 adders
  An ooze (D:2)
  A worm (D:2)
  A giant gecko (D:1)
  4 orcs (D:3)
  3 bats
  5 giant cockroaches
  7 goblins
  5 hobgoblins
  3 jackals (D:3)
  2 kobolds (D:1)
  A quokka (D:2)
  A giant newt (D:1)
  8 rats
  A fungus (D:2)
52 creatures vanquished.

Notes
Turn   | Place    | Note
--------------------------------------------------------------
     0 | Abyss:1  | Foomius the Demonspawn Abyssal Knight began the quest for the Orb.
     0 | Abyss:1  | Reached XP level 1. HP: 18/18 MP: 2/2
    12 | Abyss:1  | Noticed a shadow demon
    16 | D:1      | Escaped the Abyss
   381 | D:1      | Gained mutation: You are partially covered in rugged brown scales (AC +1, +3% HP). [demonic ancestry]
   381 | D:1      | Reached XP level 2. HP: 18/24 MP: 4/4
   793 | D:2      | Found a stormy altar of Qazlal.
  1103 | D:2      | Reached skill level 1 in Evocations
  1103 | D:2      | Gained mutation: You are slightly more attuned to the shadows. [demonic ancestry]
  1103 | D:2      | Reached XP level 3. HP: 13/29 MP: 5/5
  1420 | D:2      | Found a blossoming altar of Fedhas.
  1507 | D:2      | Reached ** piety under Lugonu
  1628 | D:2      | Reached skill level 1 in Stealth
  1710 | D:2      | Reached XP level 4. HP: 32/36 MP: 6/6
  1791 | D:2      | Found a shattered altar of Ashenzari.
  1792 | D:2      | Found a deep blue altar of Sif Muna.
  2192 | D:3      | Noticed Terence
  2217 | D:3      | Killed Terence
  2579 | D:3      | Noticed Grinder
  2586 | D:3      | Killed Grinder
  2586 | D:3      | Reached XP level 5. HP: 42/42 MP: 7/7
  2586 | D:3      | Gained mutation: You have a pair of small antennae on your head. [demonic ancestry]
  2586 | D:3      | Reached XP level 6. HP: 48/48 MP: 8/8
  2618 | D:3      | Found a glowing silver altar of Zin.
  2670 | D:3      | Found an ancient bone altar of Kikubaaqudgha.
  2682 | D:3      | Found a shimmering altar of Xom.
  2710 | D:3      | Found an oddly glowing altar of Pakellas.
  2710 | D:3      | Found a bloodstained altar of Trog.
  2714 | D:3      | Found a basalt altar of Yredelemnul.
  2778 | D:3      | Reached skill level 4 in Long Blades
  2809 | D:3      | Noticed Sigmund
  3197 | D:3      | Found a shadowy altar of Dithmenos.
  3282 | D:4      | Noticed Edmund
  3308 | D:4      | Slain by Edmund

Vault maps used:
D:1:      zelgadis_glass_arrival_small, hangedman_decor_push,
          hangedman_abyss_or_decor_lesser_grid
D:2:      nicolae_overflow_hidden_temple, fedhas_altar_3, first_bread,
          grunt_qazlal_clouds
D:3:      kiku_gazebo_garden_becter, zin_academy, marbit_many_paths,
          grunt_temple_overflow_open, due_unseen_surprise, uniq_grinder,
          uniq_terence, uniq_sigmund
D:4:      minmay_liquid_box, serial_bayou_crossing, uniq_crazy_yiuf_cottage,
          uniq_edmund

Action                   |  1- 3 |  4- 6 || total
-------------------------+-------+-------++-------
Melee: Falchion          |    91 |   126 ||   217
Throw: Stone             |    19 |    28 ||    47
 Abil: Evoke Berserk Rag |       |     1 ||     1
  Use: Potion            |       |     2 ||     2
       Scroll            |       |     1 ||     1
 Stab: Sleeping          |     5 |     5 ||    10
  Eat: Chunk             |     3 |     5 ||     8
